Description

static

VOD

https://www.youtube.com/channel/UCcSgNfDNxvyisU-eCj9xyNg/playlists

Replay - Stephano vs StatiC 2

Build Order

Get SALT Encoding   

  12  0:01  Probe (Chrono Boost)  
  13  0:11  Probe (Chrono Boost)  
  14  0:24  Probe (Chrono Boost), Pylon  
  15  0:42  Probe (Chrono Boost)  
  16  0:52  Probe (Chrono Boost)  
  17  1:03  Probe (Chrono Boost)  
  18  1:06  Nexus  
  18  1:14  Probe (Chrono Boost)  
  19  1:21  Gateway  
  19  1:26  Probe (Chrono Boost)  
  20  1:34  Assimilator  
  20  1:37  Probe (Chrono Boost)  
  21  1:45  Pylon  
  21  1:47  Probe (Chrono Boost)  
  22  1:58  Probe (Chrono Boost)  
  23  2:08  Cybernetics Core  
  23  2:09  Zealot  
  23  2:10  Probe (Chrono Boost)  
  23  2:12  Assimilator  
  26  2:18  Probe (Chrono Boost)  
  26  2:21  Probe (Chrono Boost)  
  28  2:28  Probe (Chrono Boost)  
  29  2:31  Probe (Chrono Boost)  
  30  2:39  Probe (Chrono Boost)  
  30  2:40  Gateway  
  31  2:44  Adept  
  31  2:45  Warp Gate  
  31  2:46  Probe (Chrono Boost)  
  34  2:52  Pylon  
  34  2:53  Probe (Chrono Boost)  
  34  2:58  Mothership Core (Chrono Boost)  
  37  3:04  Probe (Chrono Boost)  
  38  3:14  Probe (Chrono Boost)  
  38  3:16  Probe (Chrono Boost)  
  38  3:18  Stargate  
  40  3:25  Probe (Chrono Boost)  
  41  3:28  Gateway  
  41  3:29  Stalker  
  41  3:32  Probe (Chrono Boost)  
  44  3:35  Probe (Chrono Boost), Assimilator  
  44  3:37  Pylon  
  45  3:41  Adept  
  45  3:43  Probe (Chrono Boost)  
  45  3:46  Probe (Chrono Boost)  
  49  3:53  Probe (Chrono Boost)  
  50  3:59  Oracle, Adept  
  52  4:07  Probe (Chrono Boost)  
  52  4:09  Probe (Chrono Boost)  
  55  4:11  Assimilator  
  55  4:16  Pylon  
  55  4:19  Probe (Chrono Boost)  
  55  4:20  Probe (Chrono Boost)  
  55  4:22  Stalker  
  55  4:23  Pylon, Adept  
  61  4:30  Void Ray  
  62  4:32  Probe (Chrono Boost)  
  62  4:34  Probe (Chrono Boost)  
  67  4:44  Probe (Chrono Boost)  
  67  4:45  Probe (Chrono Boost)  
  69  4:50  Pylon  
  69  4:55  Probe (Chrono Boost)  
  69  4:56  Probe (Chrono Boost)  
  71  5:02  Zealot  
  74  5:08  Probe (Chrono Boost)  
  74  5:10  Fleet Beacon  
  74  5:15  Stargate  
  74  5:20  Stalker, Zealot  
  74  5:21  Probe (Chrono Boost)  
  79  5:23  Probe (Chrono Boost)  
  79  5:24  Void Ray  
  80  5:33  Probe (Chrono Boost)  
  80  5:34  Probe (Chrono Boost)  
  86  5:43  Pylon  
  86  5:47  Pylon  
  86  5:52  Carrier  
  86  5:56  Nexus  
  86  6:00  Pylon  
  86  6:02  Probe (Chrono Boost)  
  86  6:03  Probe (Chrono Boost), Pylon, Protoss Air Weapons Level 1  
  94  6:12  Probe (Chrono Boost)  
  94  6:15  Probe (Chrono Boost)  
  96  6:19  Forge  
  96  6:20  Pylon  
  96  6:23  Probe (Chrono Boost)  
  97  6:26  Carrier  
  97  6:29  Probe (Chrono Boost)  
  104  6:33  Probe (Chrono Boost)  
  106  6:40  Sentry  
  106  6:41  Probe (Chrono Boost)  
  106  6:44  Probe (Chrono Boost), Assimilator  
  106  6:46  Assimilator  
  109  6:53  Probe (Chrono Boost)  
  110  6:54  Probe (Chrono Boost)  
  110  6:59  Pylon  
  111  7:02  Photon Cannon  
  111  7:03  Stargate  
  111  7:05  Probe (Chrono Boost)  
  111  7:06  Pylon  
  111  7:07  Carrier  
  112  7:12  Probe (Chrono Boost)  
  112  7:13  Probe (Chrono Boost)  
  114  7:22  Probe (Chrono Boost)  
  117  7:24  Photon Cannon  
  117  7:26  Photon Cannon  
  117  7:29  Photon Cannon  
  117  7:34  Photon Cannon  
  117  7:36  Pylon  
  117  7:38  Pylon  
  117  7:39  Graviton Catapult  
  117  7:47  Carrier  
  123  7:51  Zealot, Adept  
  123  7:52  Zealot  
  129  8:01  Carrier  
  129  8:07  Probe (Chrono Boost)  
  130  8:15  Pylon  
  130  8:19  Zealot x3  
  136  8:30  Protoss Shields Level 1  
  136  8:32  Carrier  
  142  8:40  Zealot x3  
  126  8:49  Probe (Chrono Boost)  
  126  8:50  Probe (Chrono Boost)  
  128  8:56  Probe (Chrono Boost)  
  128  9:00  Probe (Chrono Boost)  
  128  9:06  Zealot  
  128  9:07  Zealot x2  
  128  9:08  Probe (Chrono Boost)  
  125  9:13  Probe (Chrono Boost)  
  125  9:16  Carrier  
  128  9:28  Cybernetics Core, Carrier  
  128  9:30  Gateway  
  109  9:36  Probe x2 (Chrono Boost)  
  109  9:37  Probe (Chrono Boost)  
  106  9:46  Probe (Chrono Boost)  
  106  9:50  Zealot  
  109  9:56  Probe (Chrono Boost)  
  108  10:02  Carrier  
  108  10:07  Probe (Chrono Boost)  
  115  10:10  Protoss Air Weapons Level 2  
  115  10:13  Probe (Chrono Boost)  
  116  10:18  Nexus  
  116  10:20  Pylon  
  116  10:25  Probe (Chrono Boost)  
  116  10:27  Probe (Chrono Boost)  
  118  10:30  Zealot x2  
  107  10:49  Probe (Chrono Boost)  
  111  10:54  Probe (Chrono Boost)  
  92  11:09  Probe (Chrono Boost)  
  92  11:11  Probe x2 (Chrono Boost)  
  100  11:18  Pylon  
  100  11:20  Probe (Chrono Boost)  
  101  11:30  Probe (Chrono Boost)  
  95  11:35  Probe (Chrono Boost)  
  95  11:36  Zealot x2  
  78  12:21  Probe x2 (Chrono Boost)  
  80  12:33  Probe (Chrono Boost)  
Spawning Tool Build Advisor. Get it on Overwolf

Analysis

static

Go to:

Details

  • Created by: Ketano
  • Published on: Sep 01, 2016
  • Modified on: Sep 01, 2016
  • Patch: Pre-3.8.0
Show
View Real Time Build Order
Export as new Build Order

Comments (0)

There are no comments. Be the first!

Create an account to comment!